[Event "4NCL Div 1 2018-19"]
[Site "Telford"]
[Date "2019.02.10"]
[Round "6.31"]
[White "Bremner, Adam"]
[Black "Quinn, John M"]
[Result "0-1"]
[ECO "E99"]
[WhiteElo "2210"]
[BlackElo "2163"]
[Annotator "NA"]
[PlyCount "78"]
[EventDate "2018.11.10"]
[EventType "team-tourn"]
[EventCountry "GBR"]
[SourceTitle "playchess.com"]
[Source "ChessBase"]
[SourceQuality "1"]
[TimeControl "40/6000+30:3000+30"]

1. d4 Nf6 2. c4 g6 3. Nc3 Bg7 4. e4 d6 5. Nf3 O-O 6. Be2 e5 7. O-O Nc6 8. d5 Ne7 9. Ne1 Nd7 10. Nd3 f5 11. Bd2 Nf6 12. f3 b6 13. b4 a5 14. a3 f4 15. c5 g5 16. cxb6 cxb6 17. Nf2 h5 18. h3 Kh8 19. Nb5 Rf7 20. Rc1 Ne8 21. Qc2 Ng8 22. Qd1 Bd7 23. Rc2 Nh6 24. a4 Bf8 25. Rc4 Rg7 26. Bc1 g4 27. fxg4 hxg4 28. Bxg4 Nxg4 29. Nxg4 Bxg4 30. hxg4 Qh4 31. bxa5 bxa5 32. Rc3 Rxg4 33. Rff3 Qg5 34. Qc2 Be7 35. Kf1 Kg7 36. Rf2 Qg6 37. Rc8 Rxc8 38. Qxc8 Rh4 39. Ke2 Qxe4+ 0-1

[Event "4NCL Div 1 2018-19"]
[Site "Telford"]
[Date "2019.02.10"]
[Round "6.31"]
[White "Dargan, Paul A G"]
[Black "White, Stuart A"]
[Result "1/2-1/2"]
[ECO "C06"]
[WhiteElo "2207"]
[BlackElo "2113"]
[Annotator "NA"]
[PlyCount "110"]
[EventDate "2018.11.10"]
[EventType "team-tourn"]
[EventCountry "GBR"]
[SourceTitle "playchess.com"]
[Source "ChessBase"]
[SourceQuality "1"]
[TimeControl "40/6000+30:3000+30"]

1. e4 e6 2. d4 d5 3. Nd2 Nf6 4. e5 Nfd7 5. c3 c5 6. Bd3 b6 7. Ne2 Ba6 8. Bxa6 Nxa6 9. O-O Nc7 10. f4 f5 11. exf6 Nxf6 12. f5 Bd6 13. dxc5 Bxc5+ 14. Kh1 e5 15. Nb3 Bd6 16. Bg5 O-O 17. Ng3 Qd7 18. Qd2 Qa4 19. Nc1 Ne4 20. Nxe4 Qxe4 21. Qf2 Bc5 22. Qf3 Qxf3 23. Rxf3 e4 24. Rf4 Be3 25. Rg4 Bxc1 26. Rxc1 Rxf5 27. Be3 Ne6 28. Rd1 Nc5 29. Bd4 g6 30. c4 Nd3 31. Kg1 Re8 32. cxd5 Rxd5 33. Be3 Ra5 34. a3 Rae5 35. Rd2 Kf7 36. h3 R5e6 37. Re2 h5 38. Rg5 Re5 39. Rg3 Rd5 40. b4 Re6 41. Rc2 Rd7 42. Kf1 Ne5 43. Ke2 Rc6 44. Rxc6 Nxc6 45. Rg5 Kf6 46. Rb5 Rd3 47. a4 Rb3 48. Bxb6 a6 49. Rd5 Ke6 50. Rg5 Nxb4 51. Rxg6+ Kf5 52. Rh6 Rb2+ 53. Kf1 Rb1+ 54. Ke2 Rb2+ 55. Kf1 Rb1+ 1/2-1/2

[Event "4NCL Div 1 2018-19"]
[Site "Telford"]
[Date "2019.02.10"]
[Round "6.32"]
[White "Webster, David"]
[Black "Foisor, Mihaela-Veronica"]
[Result "0-1"]
[ECO "C01"]
[WhiteElo "1964"]
[BlackElo "2220"]
[Annotator "NA"]
[PlyCount "110"]
[EventDate "2018.11.10"]
[EventType "team-tourn"]
[EventCountry "GBR"]
[SourceTitle "playchess.com"]
[Source "ChessBase"]
[SourceQuality "1"]
[TimeControl "40/6000+30:3000+30"]

1. e4 e6 2. d4 d5 3. exd5 exd5 4. Bd3 Bd6 5. Ne2 Ne7 6. c3 c6 7. Bf4 Bg4 8. Bxd6 Qxd6 9. Qc2 Nd7 10. f3 Bh5 11. Nd2 Bg6 12. O-O-O b5 13. Ng3 Nb6 14. Nf5 Nxf5 15. Bxf5 O-O 16. Bxg6 hxg6 17. g3 Rfe8 18. Rhe1 Re6 19. f4 Rae8 20. Nf3 Rxe1 21. Rxe1 Rxe1+ 22. Nxe1 Qe6 23. Qf2 Qe4 24. Nf3 f6 25. Nd2 Qe7 26. Kd1 Kf7 27. b3 a5 28. Qe2 Qd6 29. Ke1 Qa3 30. f5 gxf5 31. Qh5+ Ke7 32. Qh7 Kf7 33. Qh5+ Ke7 34. Qh7 Nd7 35. Qxg7+ Kd6 36. h4 Qc1+ 37. Ke2 Qg1 38. Qg6 Qg2+ 39. Ke1 f4 40. h5 f3 41. Nxf3 Qxf3 42. Kd2 Qg2+ 43. Ke3 Qb2 44. h6 Qxc3+ 45. Ke2 Qxd4 46. Qg7 Qe4+ 47. Kd2 Ne5 48. h7 Ng6 49. Qxf6+ Kc5 50. h8=Q Nxh8 51. Qxh8 Qd4+ 52. Qxd4+ Kxd4 53. Ke2 Ke4 54. a3 c5 55. Kd2 b4 0-1